 Dungeon Crawl Stone Soup version 0.25-b1-37-g2669288c55 (webtiles) character file.

Game seed: 18054100512764515778

14247 brodsky the Fighter (level 12, -14/132 HPs)
             Began as an Ogre Arcane Marksman on June 4, 2020.
             Was a Priest of Ashenzari.
             Killed from afar by Jorgrun (29 damage)
             ... with a blast of rock fragments
             ... on level 1 of the Orcish Mines.
             The game lasted 01:04:18 (16548 turns).

brodsky the Fighter (Ogre Arcane Marksman)         Turns: 16548, Time: 01:04:18

Health: -14/132    AC:  4    Str: 17    XL:     12   Next: 14%
Magic:  12/22      EV: 10    Int: 23    God:    Ashenzari [***...]
Gold:   797        SH:  0    Dex: 10    Spells: 4/24 levels left

rFire    . . .     SeeInvis +   I - +5 hand axe (freeze) (curse)
rCold    . . .     Gourm    .   (no shield)
rNeg     . . .     Faith    .   J - +1 robe {Archmagi}
rPois    +         Spirit   .   (helmet restricted)
rElec    .         Reflect  .   (no cloak)
rCorr    .         Harm     .   (gloves unavailable)
MR       +....                  (boots unavailable)
Stlth    +.........             h - amulet of regeneration (curse)
HPRegen  0.72/turn              B - ring of poison resistance (curse)
MPRegen  0.18/turn              g - +6 ring of intelligence (curse)

@: portal projectile
A: large, unfitting armour, mutation resistance 1, tough skin 1
a: Curse Item, Scrying, Renounce Religion, Cancel Portal Projectile


You were on level 1 of the Orcish Mines.
You worshipped Ashenzari.
Ashenzari was most pleased with you.
You were not hungry.

You visited 3 branches of the dungeon, and saw 13 of its levels.

You collected 1077 gold pieces.
You spent 280 gold pieces at shops.

Inventory:

Hand Weapons
 p - a +4 spear
 D - a +6 scimitar
 I - a cursed +5 hand axe of freezing (weapon)
Missiles
 a - 4 curare-tipped darts (quivered)
 u - 45 poisoned darts
 w - 14 boomerangs
 Q - 5 javelins
Armour
 J - a +1 robe of the Archmagi (worn)
 P - +0 steam dragon scales
Jewellery
 g - a cursed +6 ring of intelligence (right hand)
 h - a cursed amulet of regeneration (around neck)
 B - a cursed ring of poison resistance (left hand)
Wands
 e - a wand of digging (5)
 q - a wand of polymorph (8)
 F - a wand of flame (8)
Scrolls
 i - 5 scrolls of teleportation
 n - a scroll of fear
 v - 6 scrolls of remove curse
 y - 2 scrolls of fog
 z - 5 scrolls of amnesia
 A - a scroll of summoning
 E - 2 scrolls of magic mapping
 G - a scroll of enchant armour
 H - a scroll of immolation
 N - a scroll of holy word
Potions
 b - a potion of might
 j - 4 potions of haste
 k - 5 potions of brilliance
 l - 2 potions of stabbing
 m - 5 potions of flight
 o - a potion of cancellation {unknown}
 t - 3 potions of resistance
 x - 2 potions of degeneration
 L - 3 potions of magic
Comestibles
 f - 16 rations


   Skills:
 * Level 12.1 Fighting
 - Level 6.7(10.6) Axes
 - Level 7.1(8.4) Polearms
 - Level 9.3 Throwing
 - Level 3.8 Armour
 - Level 1.7 Dodging
 - Level 0.8 Unarmed Combat
 - Level 6.8 Spellcasting
 - Level 6.3(9.3) Hexes
 - Level 1.0(2.6) Translocations
 - Level 1.4(3.3) Earth Magic


You had 4 spell levels left.
You knew the following spells:

 Your Spells              Type           Power        Failure   Level  Hunger
a - Corona                Hex            ######.      1%          1    None
b - Slow                  Hex            ######..     1%          2    None
c - Portal Projectile     Hex/Tloc       ######       1%          3    None
d - Confusing Touch       Hex            ######..     1%          3    None
e - Leda's Liquefaction   Hex/Erth       ######....   6%          4    ###....
f - Inner Flame           Hex/Fire       #####...     3%          3    None
g - Petrify               Tmut/Erth      ###.....     34%         4    ###....

Your spell library contained the following spells:

 Spells                   Type           Power        Failure   Level  Hunger
 Ensorcelled Hibernation  Hex/Ice        #####.       1%          2    None
 Tukima's Dance           Hex            ######..     1%          3    None
 Cause Fear               Hex            ######....   1%          4    ###....
 Dazzling Flash           Conj/Hex       #####.       3%          3    None
 Gell's Gravitas          Tloc           ####......   8%          3    None
 Metabolic Englaciation   Hex/Ice        #####.....   30%         5    #####..
 Yara's Violent Unravell  Hex/Tmut       #####.....   30%         5    #####..


Dungeon Overview and Level Annotations

Branches:
Dungeon (11/15)            Temple (1/1) D:5            Lair (0/6) D:9
    Orc (1/2) D:11

Altars:
Ashenzari
Cheibriados
Elyvilon
Gozag
Hepliaklqana
Kikubaaqudgha
Nemelex Xobeh
Okawaru
Ru
Sif Muna
Trog
Uskayaw
Xom
Yredelemnul
The Shining One
Beogh

Shops:
D:7 =

Annotations:
D:6 2 runed translucent doors, TreeFish's ghost, novice HuTm
Orc:1 Jorgrun


Innate Abilities, Weirdness & Mutations

You are too large for most types of armour.
You have tough skin. (AC +1)
You are somewhat resistant to further mutation.


Message History

Jorgrun is heavily wounded.
Jorgrun is no longer moving slowly.
Jorgrun hits you with a +0 vorpal quarterstaff!
* * * LOW HITPOINT WARNING * * *
x2 Unknown command.
Okay, then.
Casting: Portal Projectile (safe; 1% risk of failure)
Confirm with . or Enter, or press ? or * to list all spells.
Okay, then.
Okay, then.
As you read the scroll of summoning, it crumbles to dust.
Wisps of shadow whirl around you...
Jorgrun looks more healthy.
Jorgrun hits you with a +0 vorpal quarterstaff.
* * * LOW HITPOINT WARNING * * *
x2 Unknown command.
Jorgrun points at you and mumbles some strange words.
The wall shatters!
The blast of rock fragments hits your orc sorcerer!
The blast of rock fragments hits you!!
You die...

##...#.#........###
#.#............##.#
................... #
*#.#................
#.**##................
...##............###..
.........)......##§.. ###
,##..o#.......#.#...
#####.####o@.........#.#.... ##
##.#.....##o..o......#(#§...# .##
#...........)go.......§§≈....
..## #.......#..(.h.##...#.§≈....
...###..#....#.(........>.≈§§≈...
#...#......<..(............##
...........................# ,
.......#.##..#.............###*
......#.###.(................###


You could see Jorgrun, a friendly warg (summoned), a friendly orc sorcerer
(summoned), a friendly orc warrior (summoned), a friendly orc wizard (summoned)
and 2 friendly orcs.

Vanquished Creatures
  A hydra (D:11)
  Sonja (D:10)
  Pikel (D:7)
  A cyclops (D:10)
  A manticore (D:11)
  A queen bee (D:8)
  Grinder (D:6)
  2 hippogriffs
  11 yaks
  A wyvern (D:9)
  Grum (D:9)
  A steam dragon (D:9)
  2 hungry ghosts (D:7)
  A warg (D:11)
  A water moccasin (D:9)
  An acid dragon (D:9)
  Duvessa (D:6)
  9 orc warriors
  4 ice beasts
  2 sky beasts
  A necrophage (D:9)
  13 ogres
  4 slaves
  4 centaurs
  A phantom (D:5)
  5 wolves
  A big kobold (D:7)
  9 bullfrogs
  2 gnoll sergeants (D:8)
  Dowan (D:6)
  3 scorpions
  30 killer bees
  5 wights (D:6)
  5 howler monkeys
  6 crimson imps
  A centaur zombie (D:6)
  2 jellies
  4 hounds
  7 orc priests
  3 bullfrog skeletons
  A centaur skeleton (D:4)
  An iguana (D:7)
  10 orc wizards
  10 worker ants
  A hound zombie (D:9)
  A howler monkey zombie (D:9)
  2 worker ant zombies
  Robin (D:2)
  10 adders
  10 gnolls
  A hound simulacrum (D:8)
  2 shadow imps
  2 white imps
  An ooze (D:1)
  An adder skeleton (D:10)
  4 worms
  A dart slug (D:4)
  5 leopard geckos
  54 orcs
  10 giant cockroaches
  13 goblins
  12 hobgoblins
  5 jackals
  4 quokkas
  2 ball pythons
  11 bats
  4 frilled lizards (D:2)
  9 kobolds
  A leopard gecko skeleton (D:4)
  10 rats
350 creatures vanquished.

Vanquished Creatures (others)
  Fannar (D:10)
  An orc wizard (D:5)
  2 orcs (D:9)
4 creatures vanquished.

Grand Total: 354 creatures vanquished

Notes
Turn   | Place    | Note
-------+----------+-------------------------------------------
     0 | D:1      | brodsky the Ogre Arcane Marksman began the quest for the
                  | Orb.
     0 | D:1      | Reached XP level 1. HP: 19/19 MP: 2/2
   648 | D:1      | Reached skill level 2 in Fighting
   698 | D:1      | Reached XP level 2. HP: 29/29 MP: 3/3
  1042 | D:2      | Found an iron altar of Okawaru.
  1155 | D:2      | Reached skill level 3 in Fighting
  1277 | D:2      | Noticed Robin
  1278 | D:2      | Reached XP level 3. HP: 37/37 MP: 4/4
  1286 | D:2      | Killed Robin
  1287 | D:2      | Reached skill level 4 in Fighting
  1548 | D:2      | Learned a level 2 spell: Slow
  1675 | D:2      | Reached XP level 4. HP: 45/48 MP: 5/5
  2392 | D:2      | Reached skill level 1 in Polearms
  2394 | D:2      | Reached XP level 5. HP: 38/54 MP: 6/6
  2858 | D:3      | Found a basalt altar of Yredelemnul.
  3302 | D:4      | Noticed an ogre
  3338 | D:4      | Killed an ogre
  3338 | D:4      | Reached XP level 6. HP: 22/62 MP: 7/7
  3603 | D:4      | Found a shimmering altar of Xom.
  4168 | D:4      | Found a sparkling altar of Nemelex Xobeh.
  4169 | D:4      | Found an opulent altar of Gozag.
  4170 | D:4      | Found a sacrificial altar of Ru.
  4224 | D:5      | Entered Level 5 of the Dungeon
  4288 | D:5      | Noticed an ice beast
  4329 | D:5      | Killed an ice beast
  4329 | D:5      | Reached XP level 7. HP: 43/70 MP: 1/8
  4431 | D:5      | Found a white marble altar of Elyvilon.
  4530 | D:5      | Reached skill level 5 in Throwing
  4535 | D:5      | Learned a level 3 spell: Portal Projectile
  4605 | D:5      | Found a staircase to the Ecumenical Temple.
  4702 | Temple   | Entered the Ecumenical Temple
  4708 | Temple   | Became a worshipper of Ashenzari the Shackled
  4893 | D:5      | Found a shimmering blue altar of Sif Muna.
  5103 | D:6      | Noticed Duvessa
  5103 | D:6      | Noticed Dowan
  5149 | D:6      | Found a hide-covered altar of Uskayaw.
  5379 | D:5      | Reached skill level 1 in Translocations
  5443 | D:6      | Reached skill level 5 in Fighting
  5451 | D:6      | Reached XP level 8. HP: 51/83 MP: 9/9
  5785 | D:6      | Found an ancient bone altar of Kikubaaqudgha.
  6075 | D:6      | Killed Duvessa
  6081 | D:6      | Killed Dowan
  6254 | D:6      | Reached skill level 6 in Fighting
  6275 | D:6      | Found a large runed translucent door.
  6275 | D:6      | Found a large runed translucent door.
  6296 | D:6      | Noticed TreeFish's ghost (novice HuTm)
  6347 | D:6      | Reached skill level 7 in Fighting
  6507 | D:6      | Noticed a moth of wrath
  6509 | D:6      | Found a bloodstained altar of Trog.
  6632 | D:6      | Noticed Grinder
  6640 | D:6      | Killed Grinder
  6640 | D:6      | Reached XP level 9. HP: 67/93 MP: 7/14
  6879 | D:6      | Reached skill level 5 in Polearms
  7129 | D:7      | Reached * piety under Ashenzari
  7565 | D:7      | Found Muuhuen's Jewellery Boutique.
  8833 | D:7      | Reached XP level 10. HP: 69/102 MP: 15/15
  9161 | D:7      | Learned a level 3 spell: Confusing Touch
  9166 | D:7      | Learned a level 4 spell: Leda's Liquefaction
  9170 | D:7      | Learned a level 3 spell: Inner Flame
  9199 | D:7      | Reached skill level 1 in Earth Magic
  9520 | D:7      | Reached skill level 5 in Hexes
  9620 | D:7      | Reached skill level 8 in Fighting
  9831 | D:8      | Noticed Pikel
 10068 | D:7      | Reached skill level 9 in Fighting
 10183 | D:7      | Killed Pikel
 10183 | D:7      | Reached skill level 10 in Fighting
 11180 | D:7      | Reached skill level 1 in Armour
 11665 | D:9      | Reached XP level 11. HP: 106/119 MP: 16/16
 11787 | D:9      | Found a roughly hewn altar of Beogh.
 12039 | D:9      | Found a staircase to the Lair.
 12065 | D:9      | Reached skill level 1 in Axes
 12326 | D:9      | Noticed Grum
 12337 | D:9      | Killed Grum
 12364 | D:9      | HP: 5/119 [wolf[Grum] (3)]
 12770 | D:9      | Reached skill level 5 in Axes
 13175 | D:9      | Found a hazy altar of Hepliaklqana.
 13261 | D:10     | Entered Level 10 of the Dungeon
 13285 | D:10     | Noticed a cyclops
 13291 | D:10     | Killed a cyclops
 13316 | D:10     | Gained mutation: You are somewhat resistant to further
                  | mutation. [potion of mutation]
 13316 | D:10     | HP: 8/178 [poisoned by a killer bee]
 13320 | D:10     | HP: 3/178 [poisoned by a killer bee]
 14024 | D:10     | Reached ** piety under Ashenzari
 14286 | D:10     | Noticed Sonja
 14297 | D:10     | Killed Sonja
 14297 | D:10     | Reached skill level 5 in Spellcasting
 14420 | D:10     | Noticed Fannar
 14630 | D:10     | Killed Fannar
 14630 | D:10     | Reached skill level 11 in Fighting
 14804 | D:7      | Bought an uncursed ring of poison resistance for 280 gold
                  | pieces
 15081 | D:11     | Found a staircase to the Orcish Mines.
 15102 | D:11     | HP: 6/120 [orc/+0 trident (2)]
 15114 | D:11     | Noticed a four-headed hydra
 15177 | D:11     | Killed a four-headed hydra
 15378 | D:11     | Reached skill level 12 in Fighting
 15452 | D:11     | Reached XP level 12. HP: 121/132 MP: 19/19
 16124 | Orc:1    | Entered Level 1 of the Orcish Mines
 16365 | Orc:1    | Noticed Jorgrun
 16370 | Orc:1    | Reached *** piety under Ashenzari
 16519 | Orc:1    | Learned a level 4 spell: Petrify
 16548 | Orc:1    | Killed from afar by Jorgrun

Illustrated notes

Levels and vault maps discovered:
D:1:      dpeg_arrival_pond, layout_rooms
D:2:      layout_loops_corners, lemuel_crystal_altar, uniq_robin
D:3:      layout_rooms, lemuel_round_altar, first_ration, st_stairs_1,
          minmay_unequal
D:4:      layout_cave_pods, xom_teletrap_fun,
          chequers_temple_overflow_statue_of_worship
D:5:      layout_loops_cross, tgw_sif, elyvilon_altar_3, temple_pool_b,
          minmay_misc_feat_cross
D:6:      layout_loops_ring, tgw_trog, eat_drink_and_be_merry_uskayaw,
          kennysheep_little_box, ebering_ghost_disaster_area, uniq_duvessa,
          uniq_grinder
D:7:      layout_rooms, serial_shops, nicolae_shop_statue_plus
D:8:      layout_cave_pools, serial_ice, serial_ice_h, serial_ice_b,
          serial_ice_a, serial_ice_n, david_nohive_1, uniq_pikel
D:9:      layout_roguey [special_room_orc], kennysheep_mini_moat,
          dpeg_oklobed_lair, uniq_grum
D:10:     layout_long_grid, minmay_sticks_and_stones, uniq_sonja, uniq_fannar
D:11:     layout_irregular_city, erik_orc_3
Temple:   eino_wide_crystal_templ
Orc:1:    layout_caves, nicolae_orc_lava_tube, uniq_jorgrun

Skill      XL: |  1  2  3  4  5  6  7  8  9 10 11 12 |
---------------+-------------------------------------+-----
Fighting       | 2 3 4 5 7 10 12 | 12.1
Hexes          | 3 4 6 |  6.3
Polearms       | 1 3 4 7 |  7.1
Throwing       | 4 5 6 8 9 |  9.3
Translocations | 1 |  1.0
Spellcasting   | 3 5 6 |  6.8
Earth Magic    | 1 |  1.4
Armour         | 3 |  3.8
Axes           | 6 |  6.7
Dodging        | |  1.7
Unarmed Combat | |  0.8

Action                   |  1- 3 |  4- 6 |  7- 9 | 10-12 || total
-------------------------+-------+-------+-------+-------++-------
Melee: Unarmed           |    58 |       |       |       ||    58
       Dagger            |    14 |       |       |       ||    14
       Hand axe          |    39 |       |       |   205 ||   244
       Spear             |    19 |   164 |   423 |   383 ||   989
       Punch             |     1 |       |     3 |     4 ||     8
Throw: Large rock        |    11 |    10 |    22 |   105 ||   148
       Dart              |       |    27 |    53 |   141 ||   221
       Javelin           |       |       |     5 |    34 ||    39
       Throwing net      |       |       |       |     2 ||     2
 Cast: Corona            |     9 |     1 |     9 |       ||    19
       Slow              |       |     4 |    13 |     9 ||    26
       Portal Projectile |       |       |     6 |    23 ||    29
       Confusing Touch   |       |       |       |     1 ||     1
       Leda's Liquefacti |       |       |       |     1 ||     1
Invok: Curse Item        |       |       |       |     4 ||     4
Evoke: Wand              |       |       |       |     5 ||     5
  Use: Scroll            |       |     4 |    14 |    12 ||    30
       Potion            |       |       |     1 |    11 ||    12
 Stab: Sleeping          |     1 |     2 |       |     1 ||     4
       Distracted        |       |       |       |     1 ||     1
  Eat: Chunk             |     3 |     8 |    17 |    27 ||    55
Armor: Robe              |    74 |    29 |    70 |   113 ||   286
       Skin              |       |       |    26 |    36 ||    62
Dodge: Dodged            |    92 |    66 |   182 |   373 ||   713
